AoeStats
← xander.dijkstra

Lombardia

509960714Analyzed
2v2 RM · 2d ago on Sep 28, 2026· 32m 27s· 4 players
Game mode
Random Map
Map size
Medium (4 player)
Population
200
Speed
Normal
Resources
Standard
Victory
Conquest
Starting age
Dark Age
Ending age
Imperial Age
RankedLock teamsTeams togetherTeam positionsShared explorationLock speedFull tech treeHidden civsTurbo modeCheats
Victory
Defeat
🇨🇭 Danes · Switzerland
849
+18
🇨🇭 Varangians · Switzerland
833
+19
🇳🇱 Danes · Netherlands
918
-19
🇹🇷 Burgundians · Türkiye
878
-18
xander.dijkstra
5:33 Loom
11:49 Feudal Age
14:06 Wheelbarrow
13:50 Double-Bit Axe
15:40 Scale Mail Armor
15:48 Man-at-Arms
21:48 Castle Age
21:54 Gold Mining
21:50 Crossbowman
23:02 Bow Saw
25:36 Gold Shaft Mining
25:24 Horse Collar
31:16 Heavy Plow
eerc
8:37 Double-Bit Axe
11:25 Feudal Age
16:22 Castle Age
22:43 Husbandry
23:38 Gold Mining
30:22 Scale Barding Armor
31:03 Forging
Ambition
7:58 Loom
10:59 Feudal Age
11:50 Double-Bit Axe
13:01 Wheelbarrow
11:52 Man-at-Arms
14:16 Scale Mail Armor
14:05 Arson
15:34 Forging
23:07 Castle Age
21:03 Horse Collar
21:28 Gold Mining
22:11 Fletching
24:10 Town Watch
25:28 Gambesons
25:44 Squires
25:42 Bodkin Arrow
27:51 Chain Mail Armor
jonny_w
2:44 Loom
11:06 Feudal Age
13:11 Wheelbarrow
12:27 Double-Bit Axe
12:26 Horse Collar
20:12 Castle Age
18:57 Bloodlines
19:48 Scale Barding Armor
23:30 Husbandry
28:10 Chain Barding Armor
30:19 Forging
32:56 Iron Casting
Connection lost

Rejoining the realm…

Still unreachable

The connection could not be restored.

Session expired

The server has moved on; the page needs a fresh start.